 Dungeon Sprint DCSS version 0.18-a0-1789-gbeff17f (webtiles) character file.

30222 Kidiri the Unseen (level 13, -6/68 HPs)
             Began as a Spriggan Enchanter on Apr 21, 2016.
             Was the Champion of Dithmenos.
             Mangled by the 27-headed Lernaean hydra (12 damage)
             ... in the Dungeon (Sprint I: "Red Sonja").
             The game lasted 00:27:49 (4535 turns).

Kidiri the Unseen (Spriggan Enchanter)              Turns: 4535, Time: 00:27:49

Health: -6/68      AC:  6    Str:  1      XL:     13   Next: 19%
Magic:  11/33      EV: 34    Int: 23      God:    Dithmenos [******]
Gold:   277        SH:  0    Dex: 18 (19) Spells: 7 memorised, 25 levels left

rFire  + + .     SeeInvis +     q - +9 dagger of Chilly Death {flash freeze, rPois rF- rC++ MR+}
rCold  + + .     Gourm    .     b - +1 robe
rNeg   . . .     Faith    .     (shield restricted)
rPois  +         Spirit   .     (helmet restricted)
rElec  +         Dismiss  .     s - +1 cloak "Xeczuety" {rElec rF+++ rCorr Str-3}
rCorr  +         Reflect  .     (gloves unavailable)
SustAt .         Harm     .     (boots unavailable)
MR     +++..     NoTele   +     (no amulet)
Stlth  +++++++++.               (no ring)
                                n - +4 ring of intelligence

@: wreathed by umbra, very quick, extremely resistant to hostile enchantments,
incredibly stealthy
A: unfitting armour, see invisible, deterioration 1, herbivore 3, speed 3, slow
metabolism 2
a: Shadow Step, Shadow Form, Renounce Religion


You were in the Dungeon.
You worshipped Dithmenos.
Dithmenos was exalted by your worship.
You were full.

You visited 1 branch You collected 4712 gold pieces.
You spent 4435 gold pieces at shops.

Inventory:

Hand Weapons
 f - a +0 spear
 l - the +7 lajatang of Order {silver, rMut}
   (You bought it in a shop in the Dungeon)

   It protects you from mutation.
 q - the +9 dagger of Chilly Death (weapon) {flash freeze, rPois rF- rC++ MR+}
   (You bought it in a shop in the Dungeon)

   It has been specially enchanted to freeze those struck by it, causing extra
   injury to most foes and up to half again as much damage against particularly
   susceptible opponents.
   It can also slow down cold-blooded creatures.
   It makes you vulnerable to fire.
   It greatly protects you from cold.
   It protects you from poison.
   It affects your resistance to hostile enchantments.
Missiles
 c - a throwing net (quivered)
Armour
 b - a +1 robe (worn)
 s - the +1 cloak "Xeczuety" (worn) {rElec rF+++ rCorr Str-3}
   (You bought it in a shop in the Dungeon)

   It affects your strength (-3).
   It renders you almost immune to fire.
   It insulates you from electricity.
   It protects you from acid and corrosion.
Jewellery
 n - a +4 ring of intelligence (left hand)
Wands
 m - a wand of confusion (22/48)
Scrolls
 e - 2 scrolls of random uselessness {unknown}
 j - 2 scrolls of blinking
 p - a scroll of silence
 r - 3 scrolls of remove curse
 t - a scroll of identify
 u - a scroll of enchant armour {unknown}
 v - a scroll of vulnerability {unknown}
Potions
 a - a potion of cure mutation
 d - a potion of invisibility {unknown}
 g - a potion of haste
 h - 3 potions of magic
 i - a potion of berserk rage
 k - 2 potions of curing
 o - a potion of cancellation
Books
 w - a book of Spatial Translocations

   Spells                             Type                      Level
   a - Apportation                    Translocation                1
   b - Blink                          Translocation                2
   c - Shroud of Golubria             Charms/Translocation         2
   d - Portal Projectile              Translocation                3
   e - Teleport Other                 Translocation                3
   f - Passage of Golubria            Translocation                4


   Skills:
 + Level 8.3 Fighting
 * Level 14.7 Short Blades
 + Level 7.6 Armour
 * Level 18.2 Dodging
 * Level 19.9 Stealth
 * Level 15.8 Spellcasting
 + Level 7.1 Conjurations
 + Level 12.1 Hexes
 + Level 4.7 Charms
 + Level 4.9 Translocations
 + Level 8.1 Ice Magic
 - Level 4.8 Invocations
 + Level 9.1 Evocations


You had 25 spell levels left.
You knew the following spells:

 Your Spells              Type           Power        Failure   Level  Hunger
a - Corona                Hex            ######.      1%          1    None
b - Ensorcelled Hibernat  Hex/Ice        ######       1%          2    None
c - Confuse               Hex            ######..     1%          3    None
d - Tukima's Dance        Hex            ######..     1%          3    None
e - Dazzling Spray        Conj/Hex       ######..     1%          3    None
f - Shroud of Golubria    Chrm/Tloc      #####.....   1%          2    None
g - Passage of Golubria   Tloc           N/A          6%          4    None


Dungeon Overview and Level Annotations

Branches:
Dungeon (1/1)

Altars:
Cheibriados
Dithmenos
Elyvilon
Fedhas
Gozag
Kikubaaqudgha
Makhleb
Nemelex Xobeh
Okawaru
Pakellas
Qazlal
Ru
Sif Muna
Trog
Vehumet
Xom
Yredelemnul
Zin
The Shining One
Jiyva

Shops:
D (?[(??*[=*(%[(?![*%[*:

Annotations:
D Lernaean hydra, Norris


Innate Abilities, Weirdness & Mutations

You are tiny and cannot use many weapons and most armour.
You have supernaturally acute eyesight.
You are a herbivore.
You cover ground extremely quickly.
You need consume almost no food.
Your body sometimes deteriorates upon taking damage.


Message History

The 27-headed Lernaean hydra bites you but does no damage.
The 27-headed Lernaean hydra completely misses you.
The 27-headed Lernaean hydra bites you! The 27-headed Lernaean hydra bites you.
The 27-headed Lernaean hydra bites you!
The 27-headed Lernaean hydra completely misses you.
The 27-headed Lernaean hydra bites you!
* * * LOW HITPOINT WARNING * * *
The 27-headed Lernaean hydra bites you but does no damage.
The 27-headed Lernaean hydra completely misses you.
The 27-headed Lernaean hydra bites you.
* * * LOW HITPOINT WARNING * * *
The 27-headed Lernaean hydra barely misses you.
The 27-headed Lernaean hydra completely misses you.
The 27-headed Lernaean hydra closely misses you.
The 27-headed Lernaean hydra bites you!
* * * LOW HITPOINT WARNING * * *
Your body deteriorates!
You feel clumsy.
The 27-headed Lernaean hydra bites you but does no damage.
The 27-headed Lernaean hydra bites you!
You die...

§#^....#§.###.#.)≈)##+#§.§.##,,,*
§###++##.##...#..≈##§^§§§.§.##,,*
###§.###..#+###..≈#.§.§.§§...#,,*
####§.###...#.≈..##.§...§....##,*
#.§#..#.###.#.≈..#....§§§.....#,*
#§........#.###..#..§..§[§....#,*
#.........#.#.+..##§.§§..^..^##,*
+.§....####+#.##§##..........#,,*
##.§.###....#.#§@§##........##,,*
(#####...####,#§§D≈##.)(..[##,,,*
...)...###,,,,#≈≈≈≈≈########,,,,*
...#####,,,,**##≈≈≈≈#≈≈≈≈≈*,,,,,*
).##,,,,,,,,*,,#'≈≈≈'≈≈.≈≈',,,,,*
.##,,,,,,,,,#$$$##≈≈#≈≈≈≈≈#≈≈≈,,*
.#,,,,,,,,,,#$$$,######'###**≈≈≈*
##****,,,,,,#$$$,*≈≈≈≈≈≈≈≈≈≈**≈≈*
≈≈≈≈,*,,,,,,####***≈≈≈≈≈≈≈≈≈≈≈≈≈*


You could see the 27-headed Lernaean hydra.

Vanquished Creatures
  A golden dragon (D)
  A shadow dragon (D)
  4 fire giants (D)
  A lorocyproca (D)
  A deep elf annihilator (D)
  A mummy priest (D)
  A hydra (D)
  2 centaur warriors (D)
  Sonja (D)
  7 unseen horrors (D)
  A deep troll (D)
  A lindwurm (D)
  2 oklob plants (D)
  8 shining eyes (D)
  2 sirens (D)
  2 gargoyles (D)
  2 kobold demonologists (D)
  A hellwing (D)
  4 demonic crawlers (D)
  A slime creature (D)
  Sigmund (D)
  2 redbacks (D)
  A yak (D)
  13 hogs (D)
  7 giant eyeballs (D)
  2 wasps (D)
  An ogre (D)
  7 necrophages (D)
  8 jellies (D)
  Ijyb (D)
  2 ballistomycetes (D)
  A giant spore (D)
90 creatures vanquished.

Vanquished Creatures (others)
  3 wasps (D)
  A giant spore (D)
4 creatures vanquished.

Grand Total: 94 creatures vanquished

Notes
Turn   | Place    | Note
--------------------------------------------------------------
     0 | D        | Kidiri the Spriggan Enchanter began the quest for the Orb.
     0 | D        | Reached XP level 1. HP: 9/9 MP: 5/5
     2 | D        | Noticed Ijyb
    11 | D        | Killed Ijyb
    11 | D        | Reached skill level 1 in Fighting
    11 | D        | Reached skill level 1 in Armour
    11 | D        | Reached skill level 5 in Stealth
    11 | D        | Reached XP level 2. HP: 14/14 MP: 4/7
    17 | D        | Learned a level 2 spell: Ensorcelled Hibernation
    39 | D        | Noticed an ogre
    41 | D        | Killed an ogre
    41 | D        | Reached skill level 5 in Dodging
    41 | D        | Reached skill level 7 in Stealth
    41 | D        | Reached skill level 5 in Spellcasting
    41 | D        | Reached skill level 5 in Hexes
    41 | D        | Reached skill level 1 in Ice Magic
    41 | D        | Reached XP level 3. HP: 18/18 MP: 7/10
    41 | D        | Reached XP level 4. HP: 23/23 MP: 8/12
    46 | D        | Learned a level 3 spell: Confuse
    50 | D        | Learned a level 3 spell: Tukima's Dance
    54 | D        | Learned a level 3 spell: Dazzling Spray
    77 | D        | Noticed Sigmund
    79 | D        | Killed Sigmund
    79 | D        | Reached skill level 5 in Short Blades
    79 | D        | Reached skill level 8 in Stealth
    79 | D        | Reached skill level 1 in Conjurations
    79 | D        | Reached XP level 5. HP: 27/27 MP: 13/15
    96 | D        | Found a snail-covered altar of Cheibriados.
    96 | D        | Found a shadowy altar of Dithmenos.
    96 | D        | Noticed a slime creature
    97 | D        | Found a viscous altar of Jiyva.
    97 | D        | Found a blossoming altar of Fedhas.
   100 | D        | Became a worshipper of Dithmenos the Shadowed
   102 | D        | Killed a slime creature
   102 | D        | Reached skill level 9 in Stealth
   102 | D        | Reached skill level 1 in Invocations
   102 | D        | Reached XP level 6. HP: 32/32 MP: 13/17
   134 | D        | Found a deep blue altar of Sif Muna.
   136 | D        | Found a radiant altar of Vehumet.
   140 | D        | Reached skill level 10 in Stealth
   182 | D        | Found Pustinum's Antique Weapon Emporium.
   182 | D        | Found a white marble altar of Elyvilon.
   182 | D        | Found a stormy altar of Qazlal.
   182 | D        | Found a burning altar of Makhleb.
   182 | D        | Found a sacrificial altar of Ru.
   182 | D        | Found an oddly glowing altar of Pakellas.
   182 | D        | Found a basalt altar of Yredelemnul.
   182 | D        | Found a glowing golden altar of the Shining One.
   182 | D        | Found a sparkling altar of Nemelex Xobeh.
   182 | D        | Found a shimmering altar of Xom.
   182 | D        | Found an opulent altar of Gozag.
   182 | D        | Found an ancient bone altar of Kikubaaqudgha.
   182 | D        | Found a glowing silver altar of Zin.
   182 | D        | Noticed a yak
   183 | D        | Found an iron altar of Okawaru.
   184 | D        | Killed a yak
   184 | D        | Reached * piety under Dithmenos
   184 | D        | Reached XP level 7. HP: 36/36 MP: 17/19
   185 | D        | Found a bloodstained altar of Trog.
   201 | D        | Noticed Sonja
   212 | D        | Killed Sonja
   212 | D        | Reached skill level 10 in Dodging
   212 | D        | Reached skill level 11 in Stealth
   212 | D        | Reached XP level 8. HP: 32/42 MP: 13/22
   362 | D        | Found Qeanept's Weapon Boutique.
   383 | D        | Noticed a deep troll
   387 | D        | Killed a deep troll
   387 | D        | Reached skill level 12 in Stealth
   397 | D        | Found Xoroc's Armour Emporium.
   419 | D        | Noticed a centaur warrior
   419 | D        | Noticed a centaur warrior
   422 | D        | Killed a centaur warrior
   422 | D        | Reached ** piety under Dithmenos
   422 | D        | Reached skill level 10 in Spellcasting
   422 | D        | Reached XP level 9. HP: 46/46 MP: 22/24
   424 | D        | Killed a centaur warrior
   424 | D        | Reached skill level 13 in Stealth
   439 | D        | Reached skill level 5 in Fighting
   451 | D        | Noticed an oklob plant
   462 | D        | Killed an oklob plant
   484 | D        | Reached skill level 10 in Short Blades
   487 | D        | Reached *** piety under Dithmenos
   487 | D        | Reached skill level 14 in Stealth
   487 | D        | Reached skill level 5 in Ice Magic
   519 | D        | Noticed an unseen horror
   520 | D        | Noticed an unseen horror
   522 | D        | Killed an unseen horror
   522 | D        | Reached skill level 5 in Armour
   522 | D        | Reached XP level 10. HP: 51/51 MP: 26/26
   524 | D        | Killed an unseen horror
   529 | D        | Reached **** piety under Dithmenos
   550 | D        | Reached ***** piety under Dithmenos
   626 | D        | Reached skill level 15 in Stealth
   781 | D        | Found Makhlecs's Antique Armour Shoppe.
   781 | D        | Found Cureugh's Assorted Antiques.
   781 | D        | Found Budazug's Jewellery Boutique.
   783 | D        | Found Wadetaus's General Store.
   783 | D        | Found Zodeaj's Weapon Shop.
   783 | D        | Found Iceingan's Food Shoppe.
   783 | D        | Found Eghykler's Armour Boutique.
   783 | D        | Found Ikimaejy's Weapon Emporium.
   783 | D        | Found Liuviytu's Magic Scroll Shop.
   783 | D        | Found Fafem's Distillery.
   787 | D        | Found Enerrics's Antique Armour Boutique.
   788 | D        | Found Achibbol's Food Emporium.
   788 | D        | Found Waewonoq's General Store.
   789 | D        | Found Xykatze's Assorted Antiques.
   866 | D        | Bought the +9 dagger of Chilly Death {flash freeze, rPois rF- rC++ MR+} for 1290 gold pieces
   921 | D        | Bought a scroll of identify for 20 gold pieces
   921 | D        | Bought a scroll of identify for 20 gold pieces
   921 | D        | Bought a scroll of identify for 20 gold pieces
   939 | D        | Bought a scroll of magic mapping for 35 gold pieces
   939 | D        | Bought 3 scrolls of remove curse for 90 gold pieces
   948 | D        | Bought a potion of heal wounds for 110 gold pieces
  1129 | D        | Reached skill level 1 in Evocations
  1148 | D        | Reached ****** piety under Dithmenos
  1184 | D        | Noticed a lindwurm
  1187 | D        | Killed a lindwurm
  1187 | D        | Reached skill level 5 in Conjurations
  1187 | D        | Reached XP level 11. HP: 36/53 MP: 15/28
  1288 | D        | Reached skill level 16 in Stealth
  1328 | D        | Noticed a 12-headed hydra
  1330 | D        | Killed a 12-headed hydra
  1330 | D        | Reached skill level 15 in Dodging
  1330 | D        | Reached skill level 10 in Hexes
  1389 | D        | Noticed Norris
  1390 | D        | Noticed a lorocyproca
  1395 | D        | Killed a lorocyproca
  1395 | D        | Reached skill level 17 in Stealth
  1395 | D        | Reached skill level 5 in Evocations
  1915 | D        | Bought the +7 lajatang of Order {silver, rMut} for 1377 gold pieces
  1970 | D        | Noticed a shining eye
  1970 | D        | Noticed a shining eye
  1970 | D        | Noticed a shining eye
  1988 | D        | Gained mutation: Your body sometimes deteriorates upon taking damage. [a shining eye]
  1990 | D        | Killed a shining eye
  2056 | D        | Noticed a shining eye
  2056 | D        | Noticed a shining eye
  2056 | D        | Noticed a shining eye
  2059 | D        | Noticed a shining eye
  2059 | D        | Noticed a shining eye
  2060 | D        | Killed a shining eye
  2113 | D        | Paralysed by a giant eyeball for 3 turns
  2150 | D        | Killed a shining eye
  2151 | D        | Killed a shining eye
  2162 | D        | Paralysed by a giant eyeball for 3 turns
  2178 | D        | Killed a shining eye
  2236 | D        | Killed a shining eye
  2239 | D        | Killed a shining eye
  2241 | D        | Killed a shining eye
  2245 | D        | Found Putottob's Magic Scroll Shop.
  2245 | D        | Found Lain's Armour Emporium.
  2245 | D        | Found Koruj's Magic Scroll Boutique.
  2246 | D        | Found Sungicur's Magic Scroll Shoppe.
  2321 | D        | Noticed a daeva
  2324 | D        | Noticed an unseen horror
  2324 | D        | Noticed an unseen horror
  2324 | D        | Noticed an unseen horror
  2325 | D        | Noticed an unseen horror
  2327 | D        | Killed an unseen horror
  2327 | D        | Reached XP level 12. HP: 60/60 MP: 31/31
  2329 | D        | Reached skill level 18 in Stealth
  3310 | D        | Bought the +1 cloak "Xeczuety" {rElec rF+++ rCorr Str-3} for 693 gold pieces
  3397 | D        | Lost strength.
  3868 | D        | Noticed a shadow dragon
  3870 | D        | Noticed a golden dragon
  3873 | D        | Killed a shadow dragon
  3875 | D        | Killed a golden dragon
  3875 | D        | Reached skill level 19 in Stealth
  3875 | D        | Reached skill level 15 in Spellcasting
  3941 | D        | Found Haonea's Book Shoppe.
  3959 | D        | Bought a book of Spatial Translocations for 780 gold pieces
  3962 | D        | Learned a level 2 spell: Shroud of Golubria
  3967 | D        | Learned a level 4 spell: Passage of Golubria
  4018 | D        | Noticed a fire giant
  4019 | D        | Noticed a fire giant
  4019 | D        | Noticed a fire giant
  4019 | D        | Noticed a fire giant
  4020 | D        | Killed a fire giant
  4020 | D        | Reached skill level 1 in Charms
  4020 | D        | Reached skill level 1 in Translocations
  4022 | D        | Killed a fire giant
  4023 | D        | Killed a fire giant
  4026 | D        | Killed a fire giant
  4026 | D        | Reached XP level 13. HP: 68/68 MP: 25/33
  4091 | D        | Noticed a deep elf annihilator
  4092 | D        | Noticed a mummy priest
  4097 | D        | Killed a deep elf annihilator
  4459 | D        | Killed a mummy priest
  4531 | D        | Noticed the 27-headed Lernaean hydra
  4535 | D        | Mangled by the 27-headed Lernaean hydra

Vault maps used:
D:        dungeon_sprint_1

Skill      XL: |  1  2  3  4  5  6  7  8  9 10 11 12 13 |
---------------+----------------------------------------+-----
Fighting       | 1 2 3 4 5 6 7 8 |  8.3
Short Blades   | 2 4 5 6 7 9 10 11 13 14 | 14.7
Armour         | 1 2 3 4 5 6 7 |  7.6
Dodging        | 4 5 7 8 9 10 11 13 14 16 17 18 | 18.2
Stealth        | 5 7 8 9 10 11 12 14 15 17 19 | 19.9
Spellcasting   | 3 5 6 7 8 9 10 11 12 14 15 | 15.8
Hexes          | 4 5 6 7 8 9 10 11 12 | 12.1
Ice Magic      | 1 2 3 4 5 6 7 8 |  8.1
Conjurations   | 1 2 3 4 5 6 7 |  7.1
Invocations    | 1 2 3 4 |  4.8
Evocations     | 3 6 8 9 |  9.1
Charms         | 3 4 |  4.7
Translocations | 3 4 |  4.9

Action                   |  1- 3 |  4- 6 |  7- 9 | 10-12 | 13-15 || total
-------------------------+-------+-------+-------+-------+-------++-------
Melee: Dagger            |     7 |     4 |     2 |    70 |     8 ||    91
       Short sword       |       |       |    17 |    26 |       ||    43
       Lajatang          |       |       |       |     5 |       ||     5
 Fire: Shortbow          |       |       |       |     1 |       ||     1
 Cast: Corona            |     1 |       |       |       |       ||     1
       Dazzling Spray    |       |     1 |     1 |    22 |    14 ||    38
       Ensorcelled Hiber |       |       |     1 |     9 |     5 ||    15
       Confuse           |       |       |     1 |     3 |     7 ||    11
       Tukima's Dance    |       |       |       |       |     1 ||     1
       Passage of Golubr |       |       |       |       |     1 ||     1
Invok: Shadow Step       |       |       |       |    10 |     2 ||    12
  Use: Potion            |       |       |     1 |     1 |     1 ||     3
       Scroll            |       |       |       |     7 |       ||     7
 Stab: Sleeping          |     2 |     4 |     9 |    47 |     5 ||    67
       Confused          |       |       |     2 |     1 |     1 ||     4
       Invisible         |       |       |       |     4 |       ||     4
       Distracted        |       |       |       |     1 |       ||     1
  Eat: Bread ration      |       |       |       |     1 |       ||     1
Armor: Robe              |     1 |       |       |     7 |     5 ||    13
Dodge: Dodged            |     3 |     1 |     9 |    83 |    14 ||   110
